 Seeded DCSS version 0.28-a0-1518-gbe868bca14 (webtiles) character file.

Game seed: 20220116 (custom seed)

700 a11behringer the Carver (level 7, 0/61 HPs)
             Began as a Minotaur Berserker on Jan 17, 2022.
             Was a Believer of Trog.
             Slain by a gnoll (2 damage)
             ... on level 5 of the Dungeon.
             The game lasted 00:08:53 (3336 turns).

a11behringer the Carver (Minotaur Berserker)        Turns: 3336, Time: 00:08:53

Health: 0/61       AC: 16    Str: 24    XL:     7   Next: 38%
Magic:  6/6        EV:  7    Int:  4    God:    Trog [**....]
Gold:   180        SH:  0    Dex:  9    Spells: 6/6 levels left

rFire   . . .      SeeInvis .   a - +0 falchion
rCold   . . .      Faith    .   (no shield)
rNeg    . . .      Spirit   .   q - +0 plate armour
rPois   .          Reflect  .   (helmet restricted)
rElec   .          Harm     .   l - +0 cloak
rCorr   +          Rampage  .   v - +0 pair of gloves
Will    .....                   j - +0 pair of boots
Stlth   ..........              (no amulet)
HPRegen 0.20/turn               e - ring of resist corrosion
MPRegen 0.10/turn               (no ring)

@: on berserk cooldown, slowed, very slow
A: horns 2, retaliatory headbutt
a: Renounce Religion, Berserk, Trog's Hand


You were on level 5 of the Dungeon.
You worshipped Trog.
Trog was pleased with you.
You visited 1 branch of the dungeon, and saw 5 of its levels.

You collected 180 gold pieces.

Inventory:

Hand Weapons
 a - a +0 falchion (weapon)
 o - a +2 dagger of speed
Missiles
 c - 63 bolts
 k - 33 sling bullets
Armour
 b - a +0 animal skin
 d - a +0 scale mail
 j - a +0 pair of boots (worn)
 l - a +0 cloak (worn)
 p - a +1 robe of willpower
 q - a +0 plate armour (worn)
 v - a +0 pair of gloves (worn)
Jewellery
 e - a ring of resist corrosion (left hand)
Wands
 s - a wand of flame (14)
 t - a wand of charming (6)
 u - a wand of iceblast (7)
 y - a wand of digging (4)
Scrolls
 h - a scroll of teleportation
 n - a scroll of enchant weapon {unknown}
 x - a scroll of immolation {unknown}
Potions
 f - a potion of lignification {unknown}
 g - a potion of haste {unknown}
 i - a potion of mutation
 m - 2 potions of brilliance {unknown}
 r - a potion of flight {unknown}
 w - a potion of attraction {unknown}


   Skills:
 + Level 5.1 Fighting
 * Level 8.3 Long Blades
 + Level 5.1 Armour
 + Level 3.0 Dodging


You had 6 spell levels left.
You didn't know any spells.
Your spell library was empty.

Dungeon Overview and Level Annotations

Branches:
Dungeon (5/15)
 Temple: D:4-7

Altars:
Yredelemnul


Innate Abilities, Weirdness & Mutations

You have a pair of horns on your head.
You reflexively headbutt those who attack you in melee.


Message History

You writhe in agony.
The gnoll hits you but does no damage. x2
The gnoll hits you with a +1 halberd of pain.
* * * LOW HITPOINT WARNING * * *
The gnoll hits you but does no damage. The gnoll hits you with a +0 flail.
* * * LOW HITPOINT WARNING * * *
The gnoll hits you but does no damage.
Found a stone staircase leading down.
You closely miss the gnoll.
The gnoll is heavily wounded.
The gnoll hits you but does no damage. x2
The gnoll barely misses you.
The gnoll throws a throwing net.
The throwing net hits you.
You become entangled in the net!
The gnoll hits you but does no damage.
There is a stone staircase leading down here.
You see here a throwing net.
You tear a large gash into the net.
The gnoll hits you but does no damage.
You writhe in agony.
* * * LOW HITPOINT WARNING * * *
You struggle against the net.
The gnoll hits you from afar with a +1 halberd of pain.
* * * LOW HITPOINT WARNING * * *
The gnoll hits you with a +0 club.
* * * LOW HITPOINT WARNING * * *
The gnoll hits you from afar with a +1 halberd of pain.
* * * LOW HITPOINT WARNING * * *
Unknown command.
You rip the net and break free!
The gnoll barely misses you. The gnoll hits you but does no damage.
Unknown command.
The gnoll completely misses you. The gnoll hits you with a +0 club.
* * * LOW HITPOINT WARNING * * *
The gnoll hits you from afar with a +1 halberd of pain.
* * * LOW HITPOINT WARNING * * *
The gnoll completely misses you. You furiously retaliate!
You headbutt the gnoll, but do no damage.
You climb downwards.
There is a stone staircase leading up here.
You closely miss the gnoll. The gnoll hits you but does no damage.
You barely miss the gnoll. The gnoll hits you with a +0 club.
You die...

#+#
#g#
#@#
###


You could see a gnoll.

Vanquished Creatures
  Eustachio (D:4)
  The ghost of Clumpoid the Shield-Bearer, an amateur GnFi (D:3)
  A black bear (D:3)
  A bullfrog (D:3)
  A hound (D:4)
  Crazy Yiuf (D:2)
  Ijyb (D:4)
  Jessica (D:2)
  An orc wizard (D:4)
  Robin (D:2)
  4 adders
  4 worms
  A dart slug (D:1)
  3 orcs (D:4)
  6 endoplasms
  6 giant cockroaches
  10 goblins
  2 hobgoblins (D:2)
  4 jackals (D:1)
  5 kobolds
  3 quokkas
  5 ball pythons
  5 bats
  A frilled lizard (D:1)
  5 rats
74 creatures vanquished.

Notes
Turn   | Place    | Note
-------+----------+-------------------------------------------
     0 | D:1      | a11behringer the Minotaur Berserker began the quest for the
                  | Orb.
     0 | D:1      | Reached XP level 1. HP: 19/19 MP: 0/0
   191 | D:1      | Reached skill level 4 in Long Blades
   257 | D:1      | Reached XP level 2. HP: 27/27 MP: 1/1
   740 | D:2      | Noticed Robin
   755 | D:2      | Killed Robin
   756 | D:2      | Reached XP level 3. HP: 16/33 MP: 2/2
  1103 | D:2      | Reached ** piety under Trog
  1508 | D:2      | Noticed Jessica
  1514 | D:2      | Killed Jessica
  1515 | D:2      | Reached skill level 5 in Long Blades
  1515 | D:2      | Reached XP level 4. HP: 36/40 MP: 3/3
  1645 | D:2      | Found a runed translucent door.
  1646 | D:2      | Noticed Crazy Yiuf
  2009 | D:2      | Killed Crazy Yiuf
  2084 | D:3      | Noticed a bullfrog
  2084 | D:3      | Noticed a black bear
  2085 | D:3      | Found a runed translucent door.
  2086 | D:3      | Noticed Clumpoid's ghost (amateur GnFi)
  2096 | D:3      | Killed a black bear
  2097 | D:3      | Reached skill level 6 in Long Blades
  2097 | D:3      | Reached XP level 5. HP: 47/47 MP: 4/4
  2175 | D:3      | Reached XP level 6. HP: 53/53 MP: 5/5
  2180 | D:3      | Killed Clumpoid's ghost
  2181 | D:3      | Reached skill level 7 in Long Blades
  2199 | D:3      | Found a runed translucent door.
  2427 | D:3      | Found a basalt altar of Yredelemnul.
  3064 | D:4      | Noticed Ijyb
  3076 | D:4      | Killed Ijyb
  3080 | D:4      | Reached XP level 7. HP: 49/60 MP: 6/6
  3213 | D:4      | Reached skill level 5 in Fighting
  3292 | D:4      | Noticed Eustachio
  3298 | D:4      | Killed Eustachio
  3299 | D:4      | Reached skill level 8 in Long Blades
  3299 | D:4      | Reached skill level 5 in Armour
  3333 | D:4      | HP: 2/61 [gnoll (5)]
  3334 | D:5      | Entered Level 5 of the Dungeon
  3336 | D:5      | Slain by a gnoll

Illustrated notes

Levels and vault maps discovered:
D:1:      matt_arrival_diagonals, layout_basic, minmay_split_cup_small
D:2:      layout_basic, uniq_crazy_yiuf_cottage, uniq_robin, uniq_jessica
D:3:      layout_basic, marbit_many_paths, cheibrodos_sewer_entry_bend,
          ebering_ghost_sewer_f
D:4:      layout_basic, kennysheep_doodads, uniq_ijyb, uniq_eustachio
D:5:      layout_basic, kennysheep_mini, uniq_prince_ribbit1, uniq_edmund

Skill      XL: |  1  2  3  4  5  6  7 |
---------------+----------------------+-----
Long Blades    | 4 5 6 7 8 |  8.3
Fighting       | 4 5 |  5.1
Armour         | 3 4 5 |  5.1
Dodging        | 3 |  3.0

Action                   |  1- 3 |  4- 6 |  7- 9 || total
-------------------------+-------+-------+-------++-------
Melee: Falchion          |    61 |   101 |    30 ||   192
       Headbutt          |     8 |    12 |     5 ||    25
Invok: Berserk           |       |     3 |     1 ||     4
       Trog's Hand       |       |     2 |       ||     2
  Use: Scroll            |       |     3 |       ||     3
 Stab: Sleeping          |     1 |       |       ||     1
Armor: Animal skin       |     3 |       |       ||     3
       Scale mail        |    28 |     5 |       ||    33
       Plate armour      |       |    54 |    24 ||    78
Dodge: Dodged            |    48 |    34 |    15 ||    97

Table legend: (Time is in decaauts)
 A = Elapsed time spent in this place.
 B = Non-inter-level travel time spent in this place.
 C = Inter-level travel time spent in this place.
 D = Time resting spent in this place.
 E = Time spent auto-exploring this place.
 F = Levels seen in this place.
 G = Mean time per level.
                   A        B        C        D        E       F      G
               +--------+--------+--------+--------+--------+-----+--------+
         Total |   3386 |   2991 |    395 |      0 |   2501 |   5 |  677.2 |
       Dungeon |   3386 |   2991 |    395 |      0 |   2501 |   5 |  677.2 |
               +--------+--------+--------+--------+--------+-----+--------+

Top non-repeatable levels by time:
     D:2: 1372 daAuts
     D:3: 1010 daAuts
     D:1: 724 daAuts
     D:4: 276 daAuts
     D:5: 2 daAuts
